 Dungeon Sprint DCSS version 0.23.0-3-gf3c87f2 (webtiles) character file.

Game seed: 4352736971827470171

391 nuthulu the Skirmisher (level 6, -1/44 HPs)
             Began as a Gargoyle Fighter on Feb 23, 2019.
             Was a Follower of Okawaru.
             Slain by a komodo dragon (23 damage)
             ... in the Dungeon (Sprint IX: "|||||||||||||||||||||||||||||").
             The game lasted 00:01:21 (278 turns).

nuthulu the Skirmisher (Gargoyle Fighter)            Turns: 278, Time: 00:01:21

Health: -1/44      AC: 21    Str: 22    XL:     6   Next: 80%
Magic:  4/10       EV: 10    Int: 11    God:    Okawaru [*.....]
Gold:   0          SH: 13    Dex:  9    Spells: 5/5 levels left

rFire    . . .     SeeInvis .   a - +0 flail
rCold    . . .     Gourm    .   c - +0 shield
rNeg     + . .     Faith    .   r - +1 chain mail
rPois    ∞         Spirit   .   (no helmet)
rElec    +         Reflect  .   q - +0 cloak
rCorr    .         Harm     .   (no gloves)
MR       .....     NoTele   +   (no boots)
Stlth    ..........             (no amulet)
HPRegen  0.14/turn              s - +2 ring of protection
MPRegen  0.12/turn              t - +3 ring of intelligence

@: heroism
A: negative energy resistance 1, electricity resistance, unbreathing,
petrification resistance, rot immunity, AC +4
a: Heroism, Renounce Religion


You were in the Dungeon.
You worshipped Okawaru.
Okawaru was aware of your devotion.
You were not hungry.

You visited 1 branch

Inventory:

Hand Weapons
 a - a +0 flail (weapon)
Armour
 b - a +0 scale mail
 c - a +0 shield (worn)
 q - a +0 cloak (worn)
 r - a +1 chain mail (worn)
Jewellery
 s - a +2 ring of protection (left hand)
 t - a +3 ring of intelligence (right hand)
Wands
 p - a wand of acid (10)
Scrolls
 k - 2 scrolls of blinking
 n - 3 scrolls of remove curse
 o - 2 scrolls of amnesia
Potions
 d - a potion of might
 e - 5 potions of curing
 h - a potion of haste
 i - 4 potions of magic
 j - a potion of berserk rage
 l - a potion of invisibility
 m - a potion of heal wounds
Comestibles
 f - a ration
 g - 3 chunks of flesh


   Skills:
 + Level 7.9(12.9) Fighting
 + Level 6.8(11.8) Maces & Flails
 + Level 7.9(12.9) Armour
 + Level 7.9(12.9) Shields
 + Level 5.3 Invocations


You had 5 spell levels left.
You didn't know any spells.
Your spell library was empty.

Dungeon Overview and Level Annotations

Branches:
Dungeon (1/1)

Altars:
Cheibriados
Dithmenos
Elyvilon
Fedhas
Gozag
Hepliaklqana
Kikubaaqudgha
Makhleb
Nemelex Xobeh
Okawaru
Qazlal
Ru
Sif Muna
Trog
Uskayaw
Vehumet
Wu Jian
Xom
Yredelemnul
Zin
The Shining One
Beogh
Jiyva
Lugonu


Innate Abilities, Weirdness & Mutations

You are resistant to torment.
Your stone body is resilient. (AC +4)
You are immune to poison.
You resist negative energy. (rN+)
You are resistant to electric shocks. (rElec)
You can survive without breathing.
You are immune to petrification.
You are immune to rotting.


Message History

The yak is severely wounded.
The leopard gecko hisses menacingly.
The yak gores you! The yak gores you but does no damage.
You sock the yak!
You kill the yak!
Okawaru is honoured by your kill.
You can now gain great but temporary skills.
Your Invocations skill increases to level 5!
You closely miss the komodo dragon. The komodo dragon bites you!!
* * * LOW HITPOINT WARNING * * *
The komodo dragon bites you but does no damage.
Unknown command.
You feel much better. You block the komodo dragon's attack.
You gain the combat prowess of a mighty hero.
You block the komodo dragon's attack.
You sock the komodo dragon!
The komodo dragon is moderately wounded.
The komodo dragon bites you!!
Ouch! That really hurt!
You die...

▓'▓
▓.▓
▓.▓
▓|▓
▓(▓
▓.▓
▓[▓
▓(▓
▓@▓
▓l▓
▓l▓
▓)▓
▓.▓
▓.▓
▓.▓
▓.▓
▓.▓


You could see a komodo dragon and a leopard gecko.

Vanquished Creatures
  A yak (D)
  An ice beast (D)
  A big kobold (D)
  A wight (D)
  A worker ant (D)
  An ooze (D)
  A leopard gecko (D)
  An orc (D)
  A bat zombie (D)
  A hobgoblin (D)
  A kobold (D)
  A frilled lizard (D)
  A giant cockroach zombie (D)
  A goblin (D)
14 creatures vanquished.

Notes
Turn   | Place    | Note
-------+----------+-------------------------------------------
     0 | D        | nuthulu the Gargoyle Fighter began the quest for the Orb.
     0 | D        | Reached XP level 1. HP: 14/14 MP: 1/1
    12 | D        | Reached XP level 2. HP: 18/20 MP: 2/2
   127 | D        | Reached XP level 3. HP: 25/25 MP: 3/3
   158 | D        | Found a roughly hewn altar of Beogh.
   158 | D        | Found a snail-covered altar of Cheibriados.
   158 | D        | Found a shadowy altar of Dithmenos.
   158 | D        | Found a white marble altar of Elyvilon.
   158 | D        | Found a blossoming altar of Fedhas.
   158 | D        | Found an opulent altar of Gozag.
   159 | D        | Found a hazy altar of Hepliaklqana.
   160 | D        | Found a viscous altar of Jiyva.
   161 | D        | Found an ancient bone altar of Kikubaaqudgha.
   162 | D        | Found a corrupted altar of Lugonu.
   163 | D        | Found a burning altar of Makhleb.
   164 | D        | Found a sparkling altar of Nemelex Xobeh.
   165 | D        | Found an iron altar of Okawaru.
   166 | D        | Found a stormy altar of Qazlal.
   167 | D        | Found a sacrificial altar of Ru.
   168 | D        | Found a deep blue altar of Sif Muna.
   169 | D        | Found a bloodstained altar of Trog.
   170 | D        | Found a hide-covered altar of Uskayaw.
   171 | D        | Found a radiant altar of Vehumet.
   172 | D        | Found an ornate altar of the Wu Jian Council.
   173 | D        | Became a worshipper of Warmaster Okawaru
   174 | D        | Found a shimmering altar of Xom.
   175 | D        | Found a basalt altar of Yredelemnul.
   176 | D        | Found a glowing silver altar of Zin.
   177 | D        | Found a glowing golden altar of the Shining One.
   224 | D        | Noticed a big kobold
   224 | D        | Noticed an ice beast
   224 | D        | Noticed a yak
   224 | D        | Noticed a komodo dragon
   234 | D        | Reached skill level 5 in Fighting
   234 | D        | Reached skill level 5 in Armour
   234 | D        | Reached skill level 5 in Shields
   234 | D        | Reached XP level 4. HP: 31/31 MP: 4/4
   260 | D        | Killed a big kobold
   260 | D        | Reached skill level 5 in Maces & Flails
   260 | D        | Reached XP level 5. HP: 37/37 MP: 4/7
   266 | D        | Killed an ice beast
   266 | D        | Reached XP level 6. HP: 44/44 MP: 4/9
   274 | D        | Killed a yak
   274 | D        | Reached * piety under Okawaru
   274 | D        | Reached skill level 5 in Invocations
   278 | D        | Slain by a komodo dragon

Skill      XL: |  1  2  3  4  5  6 |
---------------+-------------------+-----
Fighting       | 4 5 6 7 |  7.9
Armour         | 4 5 6 7 |  7.9
Shields        | 4 5 6 7 |  7.9
Maces & Flails | 3 4 5 6 |  6.8
Invocations    | 2 4 5 |  5.3

Action                   |  1- 3 |  4- 6 || total
-------------------------+-------+-------++-------
Melee: Flail             |    61 |    35 ||    96
Invok: Heroism           |       |     1 ||     1
  Use: Potion            |     1 |     1 ||     2
Armor: Scale mail        |    17 |       ||    17
       Chain mail        |     6 |    19 ||    25
Dodge: Dodged            |    12 |     5 ||    17
Block: Shield            |    37 |    17 ||    54
